 Dungeon Crawl Stone Soup version 0.22-a0-346-ga714374 (webtiles) character file.

59 tidbits the Sneak (level 4, 38/38 HPs)
             Began as a Gnoll Assassin on Apr 6, 2018.
             Quit the game in a sewer.
             The game lasted 00:05:12 (670 turns).

tidbits the Sneak (Gnoll Assassin)                   Turns: 670, Time: 00:05:12

Health: 38/38      AC:  3    Str: 16    XL:     4   Next: 3%
Magic:  5/5        EV: 13    Int: 14    God:
Gold:   39         SH:  0    Dex: 17    Spells: 5/5 levels left

rFire    . . .     SeeInvis .   a - +2 dagger
rCold    . . .     Gourm    .   (no shield)
rNeg     . . .     Faith    .   c - +0 robe
rPois    .         Spirit   .   (no helmet)
rElec    .         Reflect  .   d - +0 cloak
rCorr    .         Harm     .   (no gloves)
MR       .....                  (no boots)
Stlth    ++........             (no amulet)
HPRegen  0.12/turn              q - +3 ring of strength
MPRegen  0.09/turn              (no ring)

@: very slow
A: distributed training, fangs 1, strong nose
a: no special abilities


You were in a sewer.
You were not hungry.

You visited 1 branch of the dungeon, and saw 3 of its levels.
You also visited: Sewer.

You collected 39 gold pieces.

Inventory:

Hand Weapons
 a - a +2 dagger (weapon)
 g - a +0 blowgun
 i - a +0 short sword
 o - a cursed +0 mace
 v - a +2 dagger of protection
   (You took it off a kobold in a sewer)
Missiles
 e - 29 poisoned needles
 f - 2 curare-tipped needles
 j - 17 arrows
 l - 4 tomahawks of returning (quivered)
 s - 4 stones
Armour
 c - a +0 robe (worn)
 d - a +0 cloak (worn)
Jewellery
 q - a +3 ring of strength (left hand)
   (You found it on level 2 of the Dungeon)
Scrolls
 h - 3 scrolls of identify {unknown}
 k - a scroll of teleportation {unknown}
 n - a scroll of remove curse {unknown}
 p - a scroll of magic mapping {unknown}
 r - a scroll of immolation {unknown}
Potions
 m - a potion of heal wounds
 u - a potion of haste {unknown}
Comestibles
 b - 5 rations
 t - a chunk of flesh


   Skills:
 + Level 4.6 Fighting
 + Level 4.6 Short Blades
 + Level 1.0 Long Blades
 + Level 1.0 Axes
 + Level 1.0 Maces & Flails
 + Level 1.0 Polearms
 + Level 1.0 Staves
 + Level 1.0 Slings
 + Level 1.0 Bows
 + Level 1.0 Crossbows
 + Level 4.6 Throwing
 + Level 1.0 Armour
 + Level 2.7 Dodging
 + Level 7.8 Stealth
 + Level 1.0 Shields
 + Level 1.0 Unarmed Combat
 + Level 1.0 Spellcasting
 + Level 0.7 Conjurations
 + Level 0.7 Hexes
 + Level 0.7 Charms
 + Level 0.7 Summonings
 + Level 0.7 Necromancy
 + Level 0.7 Translocations
 + Level 0.7 Transmutations
 + Level 0.7 Fire Magic
 + Level 0.7 Ice Magic
 + Level 0.7 Air Magic
 + Level 0.7 Earth Magic
 + Level 0.7 Poison Magic
 + Level 1.1 Invocations
 + Level 1.0 Evocations


You had 5 spell levels left.
You didn't know any spells.

Dungeon Overview and Level Annotations

Branches:
Dungeon (3/15)

Altars:
Qazlal


Innate Abilities, Weirdness & Mutations

Your experience applies equally to all skills.
You have very sharp teeth.
Your uncanny sense of smell can sniff out nearby items.


Message History

The adder is severely wounded.
You feel sick. The adder closely misses you.
You barely miss the adder. You bite the adder.
The adder is almost dead.
The adder barely misses you.
You barely miss the adder. Your bite misses the adder.
The adder is almost dead.
You feel sick. The adder closely misses you.
You hit the adder but do no damage.
The adder is almost dead.
The adder closely misses you.
You hit the adder.
You kill the adder!
Your Long Blades skill increases to level 1!
Your Axes skill increases to level 1!
Your Maces & Flails skill increases to level 1!
Your Polearms skill increases to level 1!
Your Staves skill increases to level 1!
Your Slings skill increases to level 1!
Your Bows skill increases to level 1!
Your Crossbows skill increases to level 1!
Your Armour skill increases to level 1!
Your Shields skill increases to level 1!
Your Unarmed Combat skill increases to level 1!
Your Spellcasting skill increases to level 1!
Your Evocations skill increases to level 1!
You feel sick.
You see here a jackal corpse.
You butcher the jackal corpse.
You see here a chunk of flesh.
t - a chunk of flesh It was a potion of heal wounds.
You feel much better.
You feel sick.
You enter the shallow water.
Moving in this stuff is going to be slow.
You feel sick.
Found a viscous cyan potion.
You enter the shallow water.
Moving in this stuff is going to be slow.
You feel sick.
You feel sick.
You see here a viscous cyan potion.
u - a viscous cyan potion You feel sick.
You are no longer poisoned.
A kobold comes into view. It is wielding a dagger.
You enter the shallow water.
Moving in this stuff is going to be slow.
You enter the shallow water.
Moving in this stuff is going to be slow.
A frilled lizard comes into view.
The frilled lizard hisses angrily.
The frilled lizard unfolds its giant frill.
A kobold comes into view. It is wielding a dagger of protection.
The kobold shouts!
You hear a shout!
You hear an angry hiss.
A kobold comes into view. It is wielding a whip.
You hit the kobold.
You kill the kobold!
You closely miss the frilled lizard. The frilled lizard closely misses you.
The kobold throws a stone.
The stone hits you but does no damage.
You completely miss the frilled lizard.
The frilled lizard bites you but does no damage.
A ball python comes into view.
You barely miss the frilled lizard. The frilled lizard bites you.
You barely miss the frilled lizard.
You kill the frilled lizard!
The kobold throws a stone.
The stone barely misses you.
The ball python bites you but does no damage.
The ball python grabs you. The ball python constricts you.
You hit the ball python.
You kill the ball python!
You have reached level 4!
You feel agile. The kobold barely misses you.
You hit the kobold but do no damage. The kobold barely misses you.
You hit the kobold but do no damage. You bite the kobold, but do no damage.
You closely miss the kobold. You bite the kobold, but do no damage.
The kobold barely misses you.
You hit the kobold.
The kobold is moderately wounded.
The kobold misses you.
You hit the kobold.
You kill the kobold!
You hit the kobold. Your bite misses the kobold.
The kobold is heavily wounded.
You completely miss the kobold.
The kobold is heavily wounded.
The kobold hits you with a whip.
You hit the kobold but do no damage.
The kobold is heavily wounded.
You hit the kobold.
You kill the kobold!
You see here a dagger of protection.
v - a dagger of protection A ball python comes into view.
You see here a stone.
Unknown command.
You enter the shallow water.
Moving in this stuff is going to be slow.
Your unstable footing causes you to fumble your attack.
Unknown command.
Are you sure you want to abandon this character and quit the game? (Confirm with "yes".)

≈. .≈..#######
.≈≈≈.≈.≈@.#
≈≈≈≈.#≈### ≈≈. #≈#
≈..≈≈..#≈# #
#.PS≈≈.#≈##.# ∆
≈...≈≈≈#≈PP#
...≈≈.≈#≈###
P.≈≈..≈#≈#∆
≈≈...≈≈#≈#########≈.


There were no monsters in sight!

Vanquished Creatures
  An adder (Sewer)
  2 worms (D:3)
  A dart slug (D:1)
  3 leopard geckos
  3 bats
  A giant cockroach (D:2)
  A hobgoblin (D:3)
  9 jackals
  3 ball pythons
  4 frilled lizards
  4 goblins
  5 kobolds
37 creatures vanquished.

Notes
Turn   | Place    | Note
-------+----------+-------------------------------------------
     0 | D:1      | tidbits the Gnoll Assassin began the quest for the Orb.
     0 | D:1      | Reached XP level 1. HP: 20/20 MP: 1/1
    67 | D:1      | Reached XP level 2. HP: 13/26 MP: 2/2
   377 | D:2      | Reached XP level 3. HP: 31/31 MP: 3/3
   394 | D:3      | Found a stormy altar of Qazlal.
   523 | D:3      | Reached skill level 1 in Invocations
   530 | D:3      | Found a glowing drain.
   552 | Sewer    | Entered a sewer
   610 | Sewer    | Reached skill level 1 in Long Blades
   610 | Sewer    | Reached skill level 1 in Axes
   610 | Sewer    | Reached skill level 1 in Maces & Flails
   610 | Sewer    | Reached skill level 1 in Polearms
   610 | Sewer    | Reached skill level 1 in Staves
   610 | Sewer    | Reached skill level 1 in Slings
   610 | Sewer    | Reached skill level 1 in Bows
   610 | Sewer    | Reached skill level 1 in Crossbows
   610 | Sewer    | Reached skill level 1 in Armour
   610 | Sewer    | Reached skill level 1 in Shields
   610 | Sewer    | Reached skill level 1 in Unarmed Combat
   610 | Sewer    | Reached skill level 1 in Spellcasting
   610 | Sewer    | Reached skill level 1 in Evocations
   644 | Sewer    | Reached XP level 4. HP: 35/38 MP: 5/5
   670 | Sewer    | Quit the game

Vault maps used:
D:1:      minmay_arrival_doors, serial_corexii_hall, corexii_hall_statues_l,
          corexii_hall_statues_deadend
D:2:      led_sif_pool
D:3:      cheibrodos_sewer_entry_drain, corner_web_ring,
          nicolae_qazlal_general_emergency
Sewer:    sewer_co_scattered_pipes

Skill      XL: |  1  2  3 |
---------------+----------+-----
Invocations    | 1 |  1.1
Long Blades    | 1 |  1.0
Axes           | 1 |  1.0
Maces & Flails | 1 |  1.0
Polearms       | 1 |  1.0
Staves         | 1 |  1.0
Slings         | 1 |  1.0
Bows           | 1 |  1.0
Crossbows      | 1 |  1.0
Armour         | 1 |  1.0
Shields        | 1 |  1.0
Unarmed Combat | 1 |  1.0
Spellcasting   | 1 |  1.0
Evocations     | 1 |  1.0
Fighting       | |  4.6
Short Blades   | |  4.6
Throwing       | |  4.6
Dodging        | |  2.7
Stealth        | |  7.8
Conjurations   | |  0.7
Hexes          | |  0.7
Charms         | |  0.7
Summonings     | |  0.7
Necromancy     | |  0.7
Translocations | |  0.7
Transmutations | |  0.7
Fire Magic     | |  0.7
Ice Magic      | |  0.7
Air Magic      | |  0.7
Earth Magic    | |  0.7
Poison Magic   | |  0.7

Action                   |  1- 3 |  4- 6 || total
-------------------------+-------+-------++-------
Melee: Dagger            |   113 |    10 ||   123
       Bite              |     7 |     2 ||     9
       Punch             |     1 |       ||     1
Throw: Tomahawk          |     7 |       ||     7
  Use: Potion            |     1 |       ||     1
 Stab: Sleeping          |     6 |       ||     6
Armor: Robe              |    19 |       ||    19
Dodge: Dodged            |    66 |     4 ||    70

Table legend:
 A = Spawn XP
 B = Non-spawn XP
 C = Spawn XP percentage of total XP
 D = Spawn monster count
 E = Non-spawn monster count
 F = Spawn count percentage of total count
 G = Total turns spent on level
                    A         B        C        D         E        F      G
               +---------+---------+-------+---------+---------+-------+---------
         Total |       0 |      85 |   0.0 |       0 |      37 |   0.0 |   670
               +---------+---------+-------+---------+---------+-------+---------
           D:1 |       0 |      23 |   0.0 |       0 |      11 |   0.0 |   161
           D:2 |       0 |      11 |   0.0 |       0 |       6 |   0.0 |   230
           D:3 |       0 |      24 |   0.0 |       0 |      10 |   0.0 |   161
         Sewer |       0 |      27 |   0.0 |       0 |      10 |   0.0 |   118
               +---------+---------+-------+---------+---------+-------+---------

Table legend:
 A = Turns spent in this place as a percentage of turns spent in the entire game.
 B = Non-inter-level travel turns spent in this place as a percentage of non-inter-level travel turns spent in the entire game.
 C = Inter-level travel turns spent in this place as a percentage of turns spent in this place.
 D = Turns resting spent in this place as a percentage of non-inter-level travel turns spent in this place.
 E = Turns spent auto-exploring this place as a percentage of non-inter-level travel turns spent in this place.
 F = Non-inter-level travel turns spent in this place divided by the number of levels of this place that you've seen.
                   A       B       C       D       E      F
               +-------+-------+-------+-------+-------+----------------------
         Total | 100.0 | 100.0 |   0.0 |   0.0 |   0.0 | 167.5
       Dungeon |  82.4 |  82.4 |   0.0 |   0.0 |   0.0 | 184.0
         Sewer |  17.6 |  17.6 |   0.0 |   0.0 |   0.0 | 118.0
               +-------+-------+-------+-------+-------+----------------------

Table legend:
 A = Kills in this place as a percentage of kills in entire the game.
 B = Kills by you in this place as a percentage of kills by you in the entire game.
 C = Kills by friends in this place as a percentage of kills by friends in the entire game.
 D = Other kills in this place as a percentage of other kills in the entire game.
 E = Experience gained in this place as a percentage of experience gained in the entire game.
 F = Experience gained in this place divided by the number of levels of this place that you have seen.
                   A       B       C       D       E      F
               +-------+-------+-------+-------+-------+----------------------
         Total | 100.0 | 100.0 |   N/A |   N/A | 100.0 |  21.2
       Dungeon |  73.0 |  73.0 |   N/A |   N/A |  68.2 |  19.3
         Sewer |  27.0 |  27.0 |   N/A |   N/A |  31.8 |  27.0
               +-------+-------+-------+-------+-------+----------------------

Vault maps used:
D:1:      minmay_arrival_doors, serial_corexii_hall, corexii_hall_statues_l,
          corexii_hall_statues_deadend
D:2:      led_sif_pool
D:3:      cheibrodos_sewer_entry_drain, corner_web_ring,
          nicolae_qazlal_general_emergency
Sewer:    sewer_co_scattered_pipes
